 Dungeon Crawl Stone Soup version 0.21.0-24-g2553a33 (webtiles) character file.

42 tidbits the Grave Robber (level 3, -8/25 HPs)
             Began as a Gnoll Necromancer on Jan 20, 2018.
             Mangled by an orc
             ... wielding a +0 trident
              (10 damage)
             ... on level 5 of the Dungeon.
             The game lasted 00:05:10 (550 turns).

tidbits the Grave Robber (Gnoll Necromancer)         Turns: 550, Time: 00:05:11

Health: -8/25      AC:  3    Str: 10    XL:     3   Next: 56%
Magic:  3/9        EV: 10    Int: 18    God:
Gold:   68         SH:  0    Dex: 15    Spells: 5/12 levels left

rFire    . . .     SeeInvis .   e - +0 short sword
rCold    . . .     Gourm    .   (no shield)
rNeg     . . .     Faith    .   a - +0 robe
rPois    .         Spirit   .   (no helmet)
rElec    .         Reflect  .   C - +0 cloak
rCorr    .         Harm     .   (no gloves)
MR       +....                  (no boots)
Stlth    +++.......             (no amulet)
HPRegen  1.08/turn              j - -4 ring of evasion (curse)
MPRegen  0.11/turn              l - ring of protection from magic

@: regenerating
A: distributed training, fangs 1, strong nose
a: no special abilities


You were on level 5 of the Dungeon.
You were full.

You visited 1 branch of the dungeon, and saw 6 of its levels.

You collected 68 gold pieces.

Inventory:

Hand Weapons
 e - a +0 short sword (weapon)
 f - a +0 dagger
 k - a +0 whip
Missiles
 h - 3 stones
 o - 6 javelins (quivered)
Armour
 a - a +0 robe (worn)
 d - a +0 ring mail
 C - a +0 cloak (worn)
Jewellery
 g - a -2 ring of protection
   (You found it on level 1 of the Dungeon)
 j - a cursed -4 ring of evasion (left hand)
   (You found it on level 5 of the Dungeon)
 l - a ring of protection from magic (right hand)
   (You found it on level 2 of the Dungeon)
Scrolls
 i - 2 scrolls of identify
 m - 2 scrolls of teleportation
Potions
 n - a potion of flight
Books
 b - a book of Necromancy

   Spells                             Type                      Level
   a - Pain                           Necromancy                   1
   b - Animate Skeleton               Necromancy                   1
   c - Vampiric Draining              Necromancy                   3
   d - Regeneration                   Charms/Necromancy            3
   e - Animate Dead                   Necromancy                   4
   f - Borgnjor's Vile Clutch         Necromancy/Earth             5
Comestibles
 c - 3 rations


   Skills:
 + Level 0.8 Fighting
 + Level 0.8 Short Blades
 + Level 0.8 Long Blades
 + Level 0.8 Axes
 + Level 0.8 Maces & Flails
 + Level 0.8 Polearms
 + Level 0.8 Staves
 + Level 0.8 Slings
 + Level 0.8 Bows
 + Level 0.8 Crossbows
 + Level 0.8 Throwing
 + Level 0.8 Armour
 + Level 4.5 Dodging
 + Level 4.1 Stealth
 + Level 0.8 Shields
 + Level 0.8 Unarmed Combat
 + Level 5.0 Spellcasting
 + Level 0.5 Conjurations
 + Level 0.5 Hexes
 + Level 0.5 Charms
 + Level 0.5 Summonings
 + Level 7.1 Necromancy
 + Level 0.5 Translocations
 + Level 0.5 Transmutations
 + Level 0.5 Fire Magic
 + Level 0.5 Ice Magic
 + Level 0.5 Air Magic
 + Level 0.5 Earth Magic
 + Level 0.5 Poison Magic
 + Level 1.0 Invocations
 + Level 0.8 Evocations


You had 5 spell levels left.
You knew the following spells:

 Your Spells              Type           Power        Failure   Level  Hunger
a - Pain                  Necr           ####         1%          1    None
d - Vampiric Draining     Necr           ####......   2%          3    ##.....
r - Regeneration          Chrm/Necr      ###.......   9%          3    ##.....


Dungeon Overview and Level Annotations

Branches:
Dungeon (6/15)
 Temple: D:4-7

Altars:
Ashenzari
Dithmenos
Elyvilon
Qazlal
Uskayaw


Innate Abilities, Weirdness & Mutations

Your experience applies equally to all skills.
You have very sharp teeth.
Your uncanny sense of smell can sniff out nearby items.


Message History

Press: ? - help, Shift-Dir - straight line, f - quokka
Aim: a quokka (resting, chance to defeat MR: 93%)
The quokka writhes in agony!
Casting: Pain
Confirm with . or Enter, or press ? or * to list all spells.
Aiming: Pain
Press: ? - help, Shift-Dir - straight line, f/p - quokka
Aim: a quokka (moderately wounded, chance to defeat MR: 93%)
The quokka writhes in agony!
You kill the quokka!
Your Invocations skill increases to level 1!
An orc priest comes into view. It is wielding a trident.
The orc priest shouts!
The orc priest invokes the aid of Beogh against you.
Beogh smites you!
* * * LOW HITPOINT WARNING * * *
You hear a shout!
An orc and an orc priest come into view.
There is a stone staircase leading down here.
You climb downwards.
There is a stone staircase leading up here.
Unknown command.
Found 11 gold pieces.
You see here a scroll of identify.
Okay, then.
o - a scroll of identify Adjust (i)tems, (s)pells, or (a)bilities?
Adjust which item? (? for menu, Esc to quit)
o - a scroll of identify Adjust to which letter? (? for menu, Esc to quit)
i - a scroll of identify;
o - 6 javelins (quivered)
A leopard gecko comes into view.
Found a leather armour.
You see here a cloak.
p - a cloak
Found a scroll of identify.
There is a stone staircase leading up here.
You climb upwards.
There is a stone staircase leading down here.
Unknown command.
You open the door.
There is an open door here.
There is an open door here.
There is a stone staircase leading down here.
You climb downwards.
There is a stone staircase leading up here.
Unknown command.
Unknown command.
You see here a scroll of identify.
Okay, then.
i - 2 scrolls of identify (gained 1) Wear which item? (? for menu, Esc to quit)
You start putting on your armour.
You continue putting on your cloak. x4
You finish putting on your +0 cloak.
Adjust (i)tems, (s)pells, or (a)bilities?
Adjust which item? (? for menu, Esc to quit)
p - a +0 cloak (worn)
Adjust to which letter? (? for menu, Esc to quit)
C - a +0 cloak (worn)
Found a ration.
You found an alarm trap!
Found a lumpy purple potion and 2 scrolls of identify.
You see here a ration.
You eat the ration.
That ration really hit the spot!
An orc comes into view. It is wielding a trident.
An orc comes into view.
Found a shattered altar of Ashenzari.
Unknown command.
An orc priest comes into view. It is wielding a club.
The orc priest shouts!
You hear a shout!
The orc shouts! x2
Found 12 arrows.
The orc priest mumbles some strange prayers to Beogh against you.
Beogh smites you!
* * * LOW HITPOINT WARNING * * *
You hear a shout!
Okay, then.
Casting: Pain
Confirm with . or Enter, or press ? or * to list all spells.
Aiming: Pain
Press: ? - help, Shift-Dir - straight line, f - orc
Aim: an orc (chance to defeat MR: 93%)
The orc writhes in agony!
Casting: Pain
Confirm with . or Enter, or press ? or * to list all spells.
Aiming: Pain
Press: ? - help, Shift-Dir - straight line, f/p - orc
Aim: an orc (lightly wounded, chance to defeat MR: 93%)
The orc writhes in agony!
You kill the orc!
Casting: Pain
Confirm with . or Enter, or press ? or * to list all spells.
Aiming: Pain
Press: ? - help, Shift-Dir - straight line, f - orc
Aim: an orc, wielding a trident (chance to defeat MR: 93%)
The orc barely resists.
Casting: Pain
Confirm with . or Enter, or press ? or * to list all spells.
Your skin crawls.
The orc hits you from afar with a trident!
You die...

..............########
............o........#
.....................########
....!.......o.o......##.....##
.....##.....###..#####.......##
####. ####### #..# #[......>.#
. #o.# #.........# .( ## #..#
#.........# ...### #@##
#..<......# #....##.#
#.........# #....# ###.......##
###..####..........#
###..#.............# ##
#........#.........# ...
#.....<#.#.........#
....#....###.#.........#
.............##.......##


You could see an orc priest and an orc.

Vanquished Creatures
  An adder (D:3)
  A leopard gecko (D:1)
  2 orcs (D:5)
  2 bats
  2 giant cockroaches
  2 goblins (D:1)
  6 hobgoblins
  2 quokkas
  3 frilled lizards
  5 kobolds
26 creatures vanquished.

Notes
Turn   | Place    | Note
-------+----------+-------------------------------------------
     0 | D:1      | tidbits the Gnoll Necromancer began the quest for the Orb.
     0 | D:1      | Reached XP level 1. HP: 13/13 MP: 6/6
    28 | D:1      | Reached XP level 2. HP: 13/19 MP: 1/7
   294 | D:3      | Found a shadowy altar of Dithmenos.
   328 | D:2      | Reached XP level 3. HP: 21/25 MP: 7/9
   333 | D:2      | Learned a level 3 spell: Vampiric Draining
   337 | D:2      | Learned a level 3 spell: Regeneration
   357 | D:3      | Reached skill level 5 in Spellcasting
   386 | D:3      | Noticed a big kobold
   408 | D:4      | Found a hide-covered altar of Uskayaw.
   411 | D:4      | Found a white marble altar of Elyvilon.
   421 | D:5      | Entered Level 5 of the Dungeon
   469 | D:5      | Found a stormy altar of Qazlal.
   476 | D:4      | Reached skill level 1 in Invocations
   532 | D:5      | Found a shattered altar of Ashenzari.
   550 | D:5      | Mangled by an orc

Skill      XL: |  1  2  3 |
---------------+----------+-----
Spellcasting   | 5 |  5.0
Invocations    | 1 |  1.0
Fighting       | |  0.8
Short Blades   | |  0.8
Long Blades    | |  0.8
Axes           | |  0.8
Maces & Flails | |  0.8
Polearms       | |  0.8
Staves         | |  0.8
Slings         | |  0.8
Bows           | |  0.8
Crossbows      | |  0.8
Throwing       | |  0.8
Armour         | |  0.8
Dodging        | |  4.5
Stealth        | |  4.1
Shields        | |  0.8
Unarmed Combat | |  0.8
Conjurations   | |  0.5
Hexes          | |  0.5
Charms         | |  0.5
Summonings     | |  0.5
Necromancy     | |  7.1
Translocations | |  0.5
Transmutations | |  0.5
Fire Magic     | |  0.5
Ice Magic      | |  0.5
Air Magic      | |  0.5
Earth Magic    | |  0.5
Poison Magic   | |  0.5
Evocations     | |  0.8

Action                   || total
-------------------------++-------
Melee: Short sword       ||     1
Throw: Javelin           ||     7
       Stone             ||     2
 Cast: Pain              ||    35
       Regeneration      ||     1
  Use: Scroll            ||     7
 Stab: Sleeping          ||     1
  Eat: Ration            ||     1
Dodge: Dodged            ||    16

Table legend:
 A = Turns spent in this place as a percentage of turns spent in the entire game.
 B = Non-inter-level travel turns spent in this place as a percentage of non-inter-level travel turns spent in the entire game.
 C = Inter-level travel turns spent in this place as a percentage of turns spent in this place.
 D = Turns resting spent in this place as a percentage of non-inter-level travel turns spent in this place.
 E = Turns spent auto-exploring this place as a percentage of non-inter-level travel turns spent in this place.
 F = Non-inter-level travel turns spent in this place divided by the number of levels of this place that you've seen.
                   A       B       C       D       E      F
               +-------+-------+-------+-------+-------+----------------------
         Total | 100.0 | 100.0 |   0.0 |   0.0 |   0.0 |  91.7
       Dungeon | 100.0 | 100.0 |   0.0 |   0.0 |   0.0 |  91.7
               +-------+-------+-------+-------+-------+----------------------

Table legend:
 A = Kills in this place as a percentage of kills in entire the game.
 B = Kills by you in this place as a percentage of kills by you in the entire game.
 C = Kills by friends in this place as a percentage of kills by friends in the entire game.
 D = Other kills in this place as a percentage of other kills in the entire game.
 E = Experience gained in this place as a percentage of experience gained in the entire game.
 F = Experience gained in this place divided by the number of levels of this place that you have seen.
                   A       B       C       D       E      F
               +-------+-------+-------+-------+-------+----------------------
         Total | 100.0 | 100.0 |   N/A |   N/A | 100.0 |  10.2
       Dungeon | 100.0 | 100.0 |   N/A |   N/A | 100.0 |  10.2
               +-------+-------+-------+-------+-------+----------------------

Vault maps used:
D:1:      denvon_arrival_planthouse
D:2:      marbit_many_paths, grunt_temple_overflow_open, uniq_robin,
          uniq_crazy_yiuf_cottage
D:3:      minmay_goblin_kobold_castle, grunt_dithmenos_smoke, first_ration
D:4:      grunt_temple_overflow_magic_moments, lemuel_crystal_altar,
          elyvilon_altar_5, serial_shops, nicolae_shop_behind_doors
D:5:      grunt_qazlal_clouds, lemuel_crystal_altar,
          minmay_temple_entry_nine_rooms
D:6:      serial_shops, shop
